 Dungeon Crawl Stone Soup version 0.22.1-6-g1668fe2c40 (webtiles) character file.

5665 xheniek the Covert (level 10, -5/74 HPs)
             Began as a Gnoll Enchanter on Jan 28, 2019.
             Was an Initiate of Ashenzari.
             Slain by an ogre
             ... wielding a +0 giant club
              (19 damage)
             ... on level 9 of the Dungeon.
             The game lasted 00:58:26 (8556 turns).

xheniek the Covert (Gnoll Enchanter)                Turns: 8556, Time: 00:58:27

Health: -5/74      AC:  9    Str: 11    XL:     10   Next: 75%
Magic:  10/21      EV: 17    Int: 20    God:    Ashenzari [......]
Gold:   92         SH:  3    Dex: 16    Spells: 8/24 levels left

rFire    + . .     SeeInvis .   o - +1 dagger (distort) (curse)
rCold    + . .     Gourm    .   (no shield)
rNeg     . . .     Faith    .   s - +0 robe {rC+ rF+}
rPois    .         Spirit   .   (no helmet)
rElec    .         Reflect  +   C - +2 cloak
rCorr    .         Harm     .   H - +0 pair of gloves
MR       .....                  i - +1 pair of boots
Stlth    ++++......             g - +3 amulet of reflection
HPRegen  0.22/turn              (no ring)
MPRegen  0.17/turn              (no ring)

@: no status effects
A: distributed training, fangs 1, strong nose
a: Curse Item, Renounce Religion


You were on level 9 of the Dungeon.
You worshipped Ashenzari.
Ashenzari was noncommittal.
You were near starving.

You visited 2 branches of the dungeon, and saw 10 of its levels.

You collected 450 gold pieces.
You spent 358 gold pieces at shops.

Inventory:

Hand Weapons
 o - a cursed +1 dagger of distortion (weapon)
Missiles
 e - 315 stones
 h - 83 bolts
 m - 184 arrows
 r - 3 throwing nets
 v - 9 poisoned needles
 y - 29 sling bullets
 z - 3 javelins
 A - 17 tomahawks (quivered)
Armour
 i - a +1 pair of boots (worn)
 s - a +0 robe of resistance (worn)
 C - a +2 cloak (worn)
 H - a +0 pair of gloves (worn)
Jewellery
 g - a +3 amulet of reflection (around neck)
 p - an uncursed ring of ice
Wands
 k - a wand of iceblast (6)
 D - a wand of polymorph (21)
Scrolls
 c - 7 scrolls of remove curse
 l - 3 scrolls of amnesia
 q - 3 scrolls of identify
 t - 2 scrolls of fear
 x - a scroll of immolation {unknown}
 F - a scroll of acquirement {unknown}
 G - 2 scrolls of teleportation
 I - a scroll of noise
 J - a scroll of magic mapping {unknown}
Potions
 a - a potion of haste {unknown}
 b - a potion of brilliance
 f - a potion of might
 j - 6 potions of curing
 n - 4 potions of heal wounds
 u - 3 potions of flight
 w - 2 potions of agility
 B - a potion of resistance
 E - 3 potions of berserk rage
Comestibles
 d - 13 rations


   Skills:
 + Level 5.4 Fighting
 + Level 6.1 Short Blades
 + Level 5.4 Long Blades
 + Level 5.4 Axes
 + Level 5.4 Maces & Flails
 + Level 5.4 Polearms
 + Level 5.4 Staves
 + Level 5.4 Slings
 + Level 5.4 Bows
 + Level 5.4 Crossbows
 + Level 5.4 Throwing
 + Level 5.4 Armour
 + Level 7.2 Dodging
 + Level 8.2 Stealth
 + Level 5.4 Shields
 + Level 5.4 Unarmed Combat
 + Level 7.5 Spellcasting
 + Level 4.5 Conjurations
 + Level 7.2 Hexes
 + Level 4.5 Charms
 + Level 4.5 Summonings
 + Level 4.5 Necromancy
 + Level 4.5 Translocations
 + Level 4.5 Transmutations
 + Level 4.5 Fire Magic
 + Level 4.5 Ice Magic
 + Level 4.5 Air Magic
 + Level 4.5 Earth Magic
 + Level 4.5 Poison Magic
 + Level 6.0 Invocations
 + Level 5.4 Evocations


You had 8 spell levels left.
You knew the following spells:

 Your Spells              Type           Power        Failure   Level  Hunger
a - Corona                Hex            #####..      1%          1    None
b - Ensorcelled Hibernat  Hex/Ice        ####..       1%          2    None
c - Confuse               Hex            #####...     1%          3    None
d - Tukima's Dance        Hex            #####...     1%          3    None
e - Dazzling Spray        Conj/Hex       ####..       2%          3    None
f - Summon Lightning Spi  Summ/Air       ####....     14%         4    ###....

Your spell library contained the following spells:

 Spells                   Type           Power        Failure   Level  Hunger
 Summon Small Mammal      Summ           ####         1%          1    None
 Call Imp                 Summ           ####....     2%          2    None
 Summon Guardian Golem    Hex/Summ       ####....     2%          3    None
 Call Canine Familiar     Summ           ####....     4%          3    None
 Summon Ice Beast         Ice/Summ       ####....     14%         4    ###....


Dungeon Overview and Level Annotations

Branches:
Dungeon (9/15)             Temple (1/1) D:6
   Lair: D:8-11         Orc: D:9-12

Altars:
Ashenzari
Cheibriados
Dithmenos
Elyvilon
Fedhas
Hepliaklqana
Kikubaaqudgha
Makhleb
Nemelex Xobeh
Okawaru
Qazlal
Ru
Sif Muna
Trog
Uskayaw
Vehumet
Wu Jian
Xom
Yredelemnul
The Shining One

Shops:
D:6 !

Annotations:
Abyss:1 Harold


Innate Abilities, Weirdness & Mutations

Your experience applies equally to all skills.
You have very sharp teeth.
Your uncanny sense of smell can sniff out nearby items.


Message History

The manticore bites you! The manticore claws you. The manticore claws you!
The ogre closely misses you. The orc warrior misses you.
The centaur skeleton misses you.
You catch the helpless manticore completely off-guard!
You impale the manticore!!
You kill the manticore!
Your Invocations skill increases to level 6!
The centaur skeleton misses you. The ogre hits you with a giant club!!
* * * LOW HITPOINT WARNING * * *
The centaur skeleton closely misses you.
You see here a manticore corpse.
Casting: Dazzling Spray (safe; 2% risk of failure)
Confirm with . or Enter, or press ? or * to list all spells.
Aiming: Ensorcelled Hibernation (safe; 1% risk of failure)
Press: ? - help, Shift-Dir - straight line, f - ogre
Aim: an ogre, wielding a giant club (lightly wounded, chance to defeat MR: 60%)
The ogre resists with significant effort.
The centaur skeleton misses you. The orc warrior completely misses you.
The ogre hits you with a giant club!!
You die...

.. #.# #... ...
#...#.#.# .....#...
#........ .....#...∆
...#.#.####......## . #.
................#..
....#.#.#..............
......O@ZS............#
.#..#.#o#......#......#
#......W.............#
#..#.#.#.####.#......#
.......a....##.......#
....#.#.#.<..#.......#
.............#.......#
....#.#.#....#.......##
.........#.###..#.......


You could see a hungry ghost, an orc warrior, an ogre, a worker ant, an adder
and a centaur skeleton.

Vanquished Creatures
  Pikel (D:6)
  A manticore (D:9)
  The ghost of Skippwaahh the Shield-Bearer, a novice VSWr of Uskayaw (D:5)
  2 hungry ghosts (D:7)
  An orc warrior (D:6)
  2 ice beasts
  2 necrophages (D:8)
  2 phantoms
  6 ogres
  3 centaurs
  5 big kobolds (D:8)
  4 bullfrogs
  A gnoll sergeant (D:3)
  A scorpion (D:4)
  3 killer bees (D:8)
  4 wights (D:7)
  2 crimson imps
  2 orc priests (D:3)
  2 gnoll shamans (D:3)
  2 hounds
  7 jellies
  2 centaur skeletons (D:4)
  A bullfrog skeleton (D:4)
  Natasha (thrice) (D:2 D:4)
  3 orc wizards
  5 worker ants
  2 hound zombies (D:5)
  A hound skeleton (D:4)
  A mummy (D:6)
  27 gnolls
  5 adders
  A shadow imp (D:6)
  5 oozes
  An adder zombie (D:5)
  3 worms
  4 dart slugs
  5 leopard geckos
  25 orcs
  2 ball pythons
  13 bats
  2 bat zombies (D:4)
  6 giant cockroaches
  8 goblins
  3 hobgoblins
  25 jackals
  4 quokkas
  4 frilled lizards
  A jackal skeleton (D:7)
  12 kobolds
  A leopard gecko skeleton (D:8)
  5 rats
  2 rat zombies (D:4)
236 creatures vanquished.

Vanquished Creatures (collateral kills)
  3 gnolls (D:3)
  A hobgoblin (D:2)
  A kobold (D:3)
5 creatures vanquished.

Vanquished Creatures (others)
  A slime creature (D:8)
  7 dancing weapons
  3 slaves (D:6)
  An ogre (D:6)
  A howler monkey (D:9)
  A wight (D:7)
  A worker ant (D:4)
  2 gnolls (D:3)
  An adder (D:4)
  A leopard gecko (D:6)
  2 jackals
  A frilled lizard (D:3)
  2 hobgoblin zombies (D:6)
  A kobold zombie (D:6)
  An orc zombie (D:6)
  8 toadstools (D:8)
34 creatures vanquished.

Grand Total: 275 creatures vanquished

Notes
Turn   | Place    | Note
-------+----------+-------------------------------------------
     0 | D:1      | xheniek the Gnoll Enchanter began the quest for the Orb.
     0 | D:1      | Reached XP level 1. HP: 13/13 MP: 6/6
   151 | D:1      | Reached XP level 2. HP: 16/19 MP: 5/7
   155 | D:1      | Learned a level 2 spell: Ensorcelled Hibernation
   478 | D:1      | Reached XP level 3. HP: 21/25 MP: 3/9
   483 | D:1      | Learned a level 3 spell: Confuse
   489 | D:1      | Learned a level 3 spell: Tukima's Dance
   546 | D:1      | Reached skill level 5 in Spellcasting
   604 | D:1      | Reached skill level 6 in Stealth
   832 | D:2      | Reached skill level 1 in Invocations
  1198 | D:2      | Reached skill level 1 in Fighting
  1198 | D:2      | Reached skill level 1 in Long Blades
  1198 | D:2      | Reached skill level 1 in Axes
  1198 | D:2      | Reached skill level 1 in Maces & Flails
  1198 | D:2      | Reached skill level 1 in Polearms
  1198 | D:2      | Reached skill level 1 in Staves
  1198 | D:2      | Reached skill level 1 in Slings
  1198 | D:2      | Reached skill level 1 in Bows
  1198 | D:2      | Reached skill level 1 in Crossbows
  1198 | D:2      | Reached skill level 1 in Throwing
  1198 | D:2      | Reached skill level 1 in Armour
  1198 | D:2      | Reached skill level 1 in Shields
  1198 | D:2      | Reached skill level 1 in Unarmed Combat
  1198 | D:2      | Reached skill level 1 in Evocations
  1244 | D:2      | Noticed Natasha
  1247 | D:2      | Killed Natasha
  1247 | D:2      | Reached XP level 4. HP: 32/32 MP: 7/11
  1340 | D:2      | Learned a level 3 spell: Dazzling Spray
  1349 | D:2      | Found a shimmering altar of Xom.
  1360 | D:2      | Found a hazy altar of Hepliaklqana.
  1406 | D:2      | Reached skill level 1 in Conjurations
  1406 | D:2      | Reached skill level 1 in Charms
  1406 | D:2      | Reached skill level 1 in Summonings
  1406 | D:2      | Reached skill level 1 in Necromancy
  1406 | D:2      | Reached skill level 1 in Translocations
  1406 | D:2      | Reached skill level 1 in Transmutations
  1406 | D:2      | Reached skill level 1 in Fire Magic
  1406 | D:2      | Reached skill level 1 in Ice Magic
  1406 | D:2      | Reached skill level 1 in Air Magic
  1406 | D:2      | Reached skill level 1 in Earth Magic
  1406 | D:2      | Reached skill level 1 in Poison Magic
  1494 | D:2      | Found a snail-covered altar of Cheibriados.
  1845 | D:2      | Found a shimmering altar of Xom.
  1845 | D:2      | Found a shimmering altar of Xom.
  1847 | D:2      | Found a shimmering altar of Xom.
  1886 | D:2      | Found a shimmering altar of Xom.
  1959 | D:3      | Reached XP level 5. HP: 22/37 MP: 2/12
  2072 | D:3      | Found a sparkling altar of Nemelex Xobeh.
  2119 | D:3      | Found an ornate altar of the Wu Jian Council.
  2472 | D:3      | Reached XP level 6. HP: 42/44 MP: 13/13
  2802 | D:3      | Reached skill level 5 in Dodging
  2907 | D:3      | Reached XP level 7. HP: 46/50 MP: 7/15
  3751 | D:4      | Reached XP level 8. HP: 57/57 MP: 16/16
  3830 | D:4      | Found Bytodd's Magic Scroll Emporium.
  3836 | D:4      | Bought a scroll of identify for 20 gold pieces
  3836 | D:4      | Bought a scroll of identify for 20 gold pieces
  3836 | D:4      | Bought a scroll of fear for 35 gold pieces
  3836 | D:4      | Bought a scroll of random uselessness for 10 gold pieces
  3836 | D:4      | Bought a scroll of enchant armour for 75 gold pieces
  3883 | D:4      | Noticed Natasha
  3892 | D:4      | Killed Natasha
  3963 | D:4      | Found an ancient bone altar of Kikubaaqudgha.
  4248 | D:4      | Found a deep blue altar of Sif Muna.
  4597 | D:5      | Entered Level 5 of the Dungeon
  4799 | D:5      | Found a runed gate.
  4799 | D:5      | Found a runed gate.
  4799 | D:5      | Found a runed gate.
  4799 | D:5      | Noticed Skippwaahh's ghost (novice VSWr)
  5222 | D:5      | Killed Skippwaahh's ghost
  5222 | D:5      | Reached skill level 7 in Stealth
  5281 | D:6      | Found Luikhlaso's Distillery.
  5287 | D:6      | Bought a potion of degeneration for 14 gold pieces
  5321 | D:4      | Noticed Natasha
  5331 | D:4      | Killed Natasha
  5340 | D:4      | Bought a scroll of noise for 10 gold pieces
  5340 | D:4      | Bought a scroll of teleportation for 30 gold pieces
  5340 | D:4      | Bought a scroll of remove curse for 30 gold pieces
  5347 | D:4      | Learned a level 4 spell: Summon Lightning Spire
  5364 | D:5      | You fall through a shaft for 2 floors!
  5366 | D:7      | Reached XP level 9. HP: 65/65 MP: 18/18
  5663 | D:6      | Noticed Pikel
  5680 | D:6      | Killed Pikel
  5703 | D:6      | Got a translucent chain mail
  5717 | D:6      | Reached skill level 5 in Short Blades
  5724 | D:6      | Found an iron altar of Okawaru.
  5892 | D:6      | Found a staircase to the Ecumenical Temple.
  5897 | Temple   | Entered the Ecumenical Temple
  5905 | Temple   | Became a worshipper of Ashenzari the Shackled
  6068 | D:6      | Found Oheku's Gadget Emporium.
  6177 | D:4      | Bought a scroll of remove curse for 30 gold pieces
  6218 | D:6      | Bought a potion of flight for 42 gold pieces
  6218 | D:6      | Bought a potion of curing for 42 gold pieces
  6976 | D:7      | Reached skill level 5 in Invocations
  7201 | D:7      | Reached XP level 10. HP: 73/73 MP: 12/20
  7645 | D:8      | Found a shadowy altar of Dithmenos.
  7791 | D:8      | Reached skill level 5 in Fighting
  7791 | D:8      | Reached skill level 5 in Long Blades
  7791 | D:8      | Reached skill level 5 in Axes
  7791 | D:8      | Reached skill level 5 in Maces & Flails
  7791 | D:8      | Reached skill level 5 in Polearms
  7791 | D:8      | Reached skill level 5 in Staves
  7791 | D:8      | Reached skill level 5 in Slings
  7791 | D:8      | Reached skill level 5 in Bows
  7791 | D:8      | Reached skill level 5 in Crossbows
  7791 | D:8      | Reached skill level 5 in Throwing
  7791 | D:8      | Reached skill level 5 in Armour
  7791 | D:8      | Reached skill level 5 in Shields
  7791 | D:8      | Reached skill level 5 in Unarmed Combat
  7791 | D:8      | Reached skill level 5 in Evocations
  7830 | D:8      | Found a sacrificial altar of Ru.
  8095 | D:8      | Noticed Harold
  8105 | D:8      | Banished Harold
  8105 | D:8      | Reached skill level 8 in Stealth
  8542 | D:9      | Noticed a manticore
  8554 | D:9      | Killed a manticore
  8556 | D:9      | Slain by an ogre

Skill      XL: |  1  2  3  4  5  6  7  8  9 10 |
---------------+-------------------------------+-----
Spellcasting   | 5 6 7 |  7.5
Stealth        | 6 7 8 |  8.2
Invocations    | 1 2 3 4 5 6 |  6.0
Fighting       | 1 2 3 4 5 |  5.4
Long Blades    | 1 2 3 4 5 |  5.4
Axes           | 1 2 3 4 5 |  5.4
Maces & Flails | 1 2 3 4 5 |  5.4
Polearms       | 1 2 3 4 5 |  5.4
Staves         | 1 2 3 4 5 |  5.4
Slings         | 1 2 3 4 5 |  5.4
Bows           | 1 2 3 4 5 |  5.4
Crossbows      | 1 2 3 4 5 |  5.4
Throwing       | 1 2 3 4 5 |  5.4
Armour         | 1 2 3 4 5 |  5.4
Shields        | 1 2 3 4 5 |  5.4
Unarmed Combat | 1 2 3 4 5 |  5.4
Evocations     | 1 2 3 4 5 |  5.4
Conjurations   | 1 2 3 4 |  4.5
Charms         | 1 2 3 4 |  4.5
Summonings     | 1 2 3 4 |  4.5
Necromancy     | 1 2 3 4 |  4.5
Translocations | 1 2 3 4 |  4.5
Transmutations | 1 2 3 4 |  4.5
Fire Magic     | 1 2 3 4 |  4.5
Ice Magic      | 1 2 3 4 |  4.5
Air Magic      | 1 2 3 4 |  4.5
Earth Magic    | 1 2 3 4 |  4.5
Poison Magic   | 1 2 3 4 |  4.5
Short Blades   | 3 4 5 6 |  6.1
Dodging        | 5 6 7 |  7.2
Hexes          | 6 7 |  7.2

Action                   |  1- 3 |  4- 6 |  7- 9 | 10-12 || total
-------------------------+-------+-------+-------+-------++-------
Melee: Dagger            |   110 |   182 |   301 |   125 ||   718
       Bite              |    11 |    17 |    24 |     6 ||    58
       Punch             |       |       |     4 |     3 ||     7
Throw: Stone             |       |     8 |    54 |       ||    62
       Tomahawk          |       |       |     6 |       ||     6
 Cast: Corona            |     7 |       |     2 |       ||     9
       Ensorcelled Hiber |    20 |    12 |    10 |    20 ||    62
       Tukima's Dance    |     3 |    12 |    14 |     3 ||    32
       Confuse           |     2 |       |    15 |     3 ||    20
       Dazzling Spray    |       |    12 |    18 |     8 ||    38
Invok: Curse Item        |       |       |     1 |       ||     1
  Use: Scroll            |     2 |     4 |    12 |       ||    18
 Stab: Sleeping          |    16 |     5 |    20 |    18 ||    59
       Invisible         |       |     3 |     4 |     4 ||    11
       Confused          |       |       |     3 |     2 ||     5
       Distracted        |       |       |     2 |     1 ||     3
  Eat: Chunk             |     2 |     7 |    11 |     3 ||    23
       Ration            |       |       |     1 |       ||     1
Armor: Robe              |    10 |       |    26 |    25 ||    61
       Leather armour    |    17 |    25 |     9 |       ||    51
Dodge: Dodged            |    71 |   124 |   181 |   106 ||   482
Block: Other             |     8 |    24 |    20 |     8 ||    60
       Reflection        |     1 |       |     1 |       ||     2
